[Event "Titled Tuesday Blitz August 16 Early 2022"]
[White "Aggelis, Nikolaos"]
[Black "Vakhlamov, Igor L."]
[WhiteFideId "4213220"]
[BlackFideId "24126748"]
[WhiteElo "2154"]
[BlackElo "2401"]
[Result "1-0"]
[Round "02"]
[TimeControl "180+1"]
[Date "2022.08.16"]
[WhiteClock "0:00:21"]
[BlackClock "0:00:19"]

1. d4 d5 2. Nf3 Nf6 3. c4 e6 4. g3 c5 5. cxd5 cxd4 6. Bg2 Bc5 7. O-O O-O 8. Nxd4 Nxd5 9. a3 Nf6 10. Nb5 Qb6 11. N5c3 Rd8 12. Qc2 Be7 13. Be3 Qa5 14. Nd2 Nc6 15. Nc4 Qh5 16. h3 e5 17. g4 Bxg4 18. hxg4 Nxg4 19. Rfd1 Qh2+ 20. Kf1 Nd4 21. Qe4 Nxe3+ 22. Qxe3 Nc2 23. Qxe5 Qxe5 24. Nxe5 Nxa1 25. Rxa1 Bf6 26. Nd3 Bxc3 27. bxc3 Rac8 28. Bxb7 Rxc3 29. a4 a5 30. Rb1 g6 31. Rb5 Rb8 32. Ne5 Rc7 33. Bd5 Rxb5 34. axb5 Rc5 35. e4 Rxb5 36. Nxf7 Rxd5 37. Nh6+ Kf8 38. exd5 a4 39. Ng4 a3 40. Ne3 a2 41. Nc2 Ke7 42. Ke2 Kd6 43. Ke3 Kxd5 44. Nb4+ Ke5 45. Nxa2 Kf5 46. Kf3 h5 47. Nc3 g5 48. Nd5 g4+ 49. Kg2 h4 50. Ne7+ Kf4 51. Ng6+ Kg5 52. Ne5 Kf4 53. Nd3+ Ke4 54. Nc5+ Kf4 55. Ne6+ Kf5 56. Nd4+ Ke4 57. Ne2 Kd3 58. Nf4+ Ke4 59. Ng6 h3+ 60. Kg3 Kf5 61. Ne7+ Ke6 62. Nc6 Kd5 63. Nb4+ Ke4 64. Nc2 Kd3 65. Ne3 h2 66. Kxh2 Ke2 67. Nxg4 Kf3 68. Kh3 Kf4 69. Nh2 Ke4 70. Kg3 Kf5 71. f4 Ke4 72. Kg4 Kd5 73. f5 Ke5 74. Kg5 Kd6 75. f6 Ke6 76. Kg6 Kd7 77. f7 Ke6 78. Kg7 Ke5 79. f8=Q Ke4 80. Qf6 Kd5 81. Kg6 Ke4 82. Kg5 Kd5 83. Qe7 Kc6 84. Qd8 Kb7 85. Qd6 Kc8 86. Qe7 1-0


[Site "https://www.chess.com"]

[Event "Titled Tuesday Blitz August 16 Early 2022"]
[White "Al-Tarboush, Ward"]
[Black "Shukhman, Anna"]
[WhiteFideId "7601450"]
[BlackFideId "54180058"]
[WhiteElo "2234"]
[BlackElo "1726"]
[Result "1-0"]
[Round "02"]
[TimeControl "180+2"]
[Date "2022.08.18"]
[WhiteClock "0:00:00"]
[BlackClock "0:00:00"]

1. e4 c5 2. Nf3 e6 3. d4 cxd4 4. Nxd4 a6 5. Bd3 Bc5 6. Nb3 Ba7 7. Nc3 Nc6 8. Qe2 Nf6 9. Be3 Bxe3 10. Qxe3 d5 11. exd5 Nxd5 12. Nxd5 Qxd5 13. O-O-O Qe5 14. Qf3 O-O 15. h4 a5 16. Rhe1 Qf6 17. Qg3 a4 18. Nd2 a3 19. c3 axb2+ 20. Kxb2 Nb4 21. Bb1 Nd5 22. Ne4 Qf4 23. Qxf4 Nxf4 24. g3 Nd5 25. Nd6 Nb6 26. Be4 Bd7 27. Nxb7 Ba4 28. Rd4 Rab8 29. Rb4 Nd5 30. Bxd5 exd5 31. Nc5 Bc6 32. a4 d4 33. a5 dxc3+ 34. Kxc3 Rxb4 35. Kxb4 Rb8+ 36. Kc4 f6 37. Re7 Kf8 38. Rc7 Bb5+ 39. Kc3 Ra8 40. Kb4 Be8 41. a6 Rb8+ 42. Rb7 Ra8 43. a7 g5 44. Ne6+ Kg8 45. Nc7 1-0


[Site "https://www.chess.com"]

[Event "Titled Tuesday Blitz August 16 Early 2022"]
[White "Albertini, Luca"]
[Black "Ajay Krishna, S"]
[WhiteFideId "847038"]
[BlackFideId "5096430"]
[WhiteElo "2207"]
[BlackElo "2247"]
[Result "0-1"]
[Round "02"]
[TimeControl "180+2"]
[Date "2022.08.18"]
[WhiteClock "0:00:00"]
[BlackClock "0:00:00"]

1. d4 e6 2. c4 Nf6 3. Nf3 d5 4. Nc3 Bb4 5. g3 O-O 6. Bg2 dxc4 7. O-O c5 8. e3 Nc6 9. a3 Ba5 10. dxc5 Bxc3 11. bxc3 Qxd1 12. Rxd1 Ne4 13. Bb2 Nxc5 14. Nd4 Nd3 15. Rab1 Bd7 16. Bf1 e5 17. Nxc6 Bxc6 18. Bxd3 cxd3 19. c4 e4 20. Bd4 b6 21. Rdc1 Ba4 22. Rc3 d2 0-1


[Site "https://www.chess.com"]

[Event "Titled Tuesday Blitz August 16 Early 2022"]
[White "Aldokhin, Ivan"]
[Black "Yeletsky, Ivan"]
[WhiteFideId "24115720"]
[BlackFideId "24180327"]
[WhiteElo "2246"]
[BlackElo "2293"]
[Result "0-1"]
[Round "02"]
[TimeControl "180+1"]
[Date "2022.08.16"]
[WhiteClock "0:00:02"]
[BlackClock "0:00:09"]

1. e4 c5 2. Nf3 e6 3. d4 cxd4 4. Nxd4 a6 5. Nc3 Qc7 6. Bd3 Bc5 7. Nb3 Be7 8. f4 d6 9. Qf3 b5 10. g4 Bh4+ 11. Ke2 Be7 12. g5 Bb7 13. Be3 Nd7 14. h4 b4 15. Nd1 f5 16. Nd4 Nc5 17. Nf2 O-O-O 18. Qh3 fxe4 19. Nxe4 Kb8 20. Nxc5 dxc5 21. Nxe6 Qc6 22. Nxd8 Bxd8 23. c4 Ne7 24. Rhf1 g6 25. f5 Nxf5 26. Bxf5 gxf5 27. Qxf5 Re8 28. Rae1 b3 29. axb3 Ba5 30. Rd1 Qg2+ 31. Rf2 Qc6 32. Qd7 Qe4 33. Qd3 Qg4+ 34. Kf1 Qh3+ 35. Ke2 Qg4+ 36. Kf1 Rxe3 37. Qd6+ Ka7 38. Rd5 Qh3+ 39. Rg2 Qf3+ 40. Kg1 Re1+ 41. Kh2 Qf7 42. Qxc5+ Bb6 43. Qd6 Bc7 44. Rgd2 Bxd6+ 45. Rxd6 Qf4+ 46. Kh3 Rh1+ 0-1


[Site "https://www.chess.com"]

[Event "Titled Tuesday Blitz August 16 Early 2022"]
[White "Alekseenko, Kirill"]
[Black "Barp, Alberto"]
[WhiteFideId "4135539"]
[BlackFideId "872555"]
[WhiteElo "2682"]
[BlackElo "2229"]
[Result "0-1"]
[Round "02"]
[TimeControl "180+1"]
[Date "2022.08.16"]
[WhiteClock "0:00:13"]
[BlackClock "0:00:11"]

1. e4 e5 2. Nf3 Nc6 3. Bb5 a6 4. Ba4 Nf6 5. O-O Be7 6. Bxc6 dxc6 7. d3 Nd7 8. b3 O-O 9. Bb2 Bd6 10. Nbd2 Re8 11. a4 Nf8 12. Nc4 Ng6 13. Kh1 f6 14. Ng1 Bf8 15. Ne2 Be6 16. f4 exf4 17. Nxf4 Nxf4 18. Rxf4 b5 19. Ne3 Bd6 20. Rf1 Be5 21. Bxe5 fxe5 22. Qh5 Qd4 23. Nf5 Bxf5 24. Qxf5 Qd6 25. Qf7+ Kh8 26. h3 Rf8 27. Qh5 b4 28. Qg5 c5 29. Rae1 Kg8 30. Qg4 g6 31. h4 Kg7 32. h5 Rxf1+ 33. Rxf1 Rf8 34. Rf5 Qe7 35. Kh2 Rf6 36. h6+ Kxh6 37. Qg5+ Kg7 38. Rxe5 Qd6 39. Qg3 Re6 40. Rxe6 Qxe6 41. Qxc7+ Kh6 42. Qxc5 Qf6 43. Qe3+ Kg7 44. d4 Qh4+ 45. Kg1 g5 46. d5 g4 47. g3 Qf6 48. e5 Qf5 49. e6 Qxd5 50. Kf2 Qf5+ 51. Ke2 Qxc2+ 52. Ke1 Qb1+ 53. Kf2 Qc2+ 54. Ke1 Qb1+ 55. Kd2 Qb2+ 56. Kd1 Qb1+ 57. Ke2 Qc2+ 58. Kf1 Qb1+ 59. Kf2 Qc2+ 60. Qe2 Qxe2+ 61. Kxe2 Kf6 62. Ke3 Kxe6 63. Kf4 Kd5 64. Kxg4 Kd4 65. Kh5 Kc3 66. Kh6 Kxb3 67. Kxh7 Ka3 68. g4 b3 69. g5 b2 70. g6 b1=Q 71. a5 Ka4 72. Kh8 Kxa5 73. g7 Qh1+ 74. Kg8 Kb5 75. Kf8 Qf3+ 76. Ke7 Qg3 0-1


[Site "https://www.chess.com"]

[Event "Titled Tuesday Blitz August 16 Early 2022"]
[White "Aradhya, Garg"]
[Black "Zhurbinsky, David"]
[WhiteFideId "25006746"]
[BlackFideId "2072904"]
[WhiteElo "2203"]
[BlackElo "1996"]
[Result "1/2-1/2"]
[Round "02"]
[TimeControl "180+2"]
[Date "2022.08.18"]
[WhiteClock "0:00:00"]
[BlackClock "0:00:00"]

1. d4 Nf6 2. c4 e6 3. Nf3 Bb4+ 4. Nbd2 O-O 5. a3 Bxd2+ 6. Bxd2 d6 7. Qc2 a5 8. e4 e5 9. O-O-O exd4 10. Nxd4 Nc6 11. Nxc6 bxc6 12. Bc3 Re8 13. e5 Ng4 14. exd6 cxd6 15. Bd3 Qg5+ 16. Qd2 Qxd2+ 17. Rxd2 Ne5 18. Rhd1 f6 19. Be2 Ba6 20. Rxd6 Nxc4 21. Bxc4+ Bxc4 22. Rxc6 Bb3 23. Re1 Rxe1+ 24. Bxe1 Rd8 25. Bd2 Bd5 26. Rc5 a4 27. f3 Bb3 1/2-1/2


[Site "https://www.chess.com"]

[Event "Titled Tuesday Blitz August 16 Early 2022"]
[White "Ardila, Oscar Humberto"]
[Black "Stepanencu, Nicodim-Cosmin"]
[WhiteFideId "4404742"]
[BlackFideId "1256220"]
[WhiteElo "1939"]
[BlackElo "1941"]
[Result "1-0"]
[Round "02"]
[TimeControl "180+2"]
[Date "2022.08.18"]
[WhiteClock "0:00:00"]
[BlackClock "0:00:00"]

1. d4 d5 2. c4 dxc4 3. Qa4+ Nd7 4. Qxc4 Ngf6 5. Nf3 e6 6. Bf4 Bd6 7. Bxd6 cxd6 8. Nc3 d5 9. Qb4 Qb6 10. Qxb6 Nxb6 11. e3 Bd7 12. Bd3 Rc8 13. Rc1 Ke7 14. Ne5 Rc7 15. b3 Rhc8 16. Kd2 Be8 17. f3 g6 18. Ne2 Nfd7 19. Nxd7 Bxd7 20. Rxc7 Rxc7 21. Rc1 Rxc1 22. Kxc1 Nc8 23. Kd2 Nd6 24. a4 a6 25. Kc3 Kd8 26. Kb4 Kc7 27. a5 f6 28. Nc3 Bc6 29. Kc5 Nc8 30. b4 Bd7 31. b5 axb5 32. Nxb5+ Bxb5 33. Bxb5 Nd6 34. Bd3 Nf7 35. e4 dxe4 36. fxe4 e5 37. d5 Nd6 38. g4 Nf7 39. h4 h6 40. Bc2 Nd6 41. Bd3 Nc8 42. Be2 Kd7 43. Bb5+ Ke7 44. Bd3 g5 45. h5 Nd6 46. Kb6 Kd7 47. Be2 Ke7 48. Kc7 f5 49. exf5 e4 50. f6+ Kxf6 51. Kxd6 e3 52. Kc7 Ke5 53. d6 1-0


[Site "https://www.chess.com"]

[Event "Titled Tuesday Blitz August 16 Early 2022"]
[White "Atakhan, Abtin"]
[Black "Kuznetsova, Olga"]
[WhiteFideId "22502203"]
[BlackFideId "4191323"]
[WhiteElo "2087"]
[BlackElo "2134"]
[Result "0-1"]
[Round "02"]
[TimeControl "180+2"]
[Date "2022.08.18"]
[WhiteClock "0:00:00"]
[BlackClock "0:00:00"]

1. e4 e5 2. Nf3 Nf6 3. Nxe5 d6 4. Nf3 Nxe4 5. Nc3 Nxc3 6. dxc3 Be7 7. Be3 Nc6 8. Qd2 Bf5 9. O-O-O Qd7 10. Bb5 a6 11. Ba4 b5 12. Bb3 Be6 13. Rhe1 O-O 14. Bd5 Bxd5 15. Qxd5 Bf6 16. g4 Ne7 17. Qh5 g6 18. Qh6 Qxg4 19. Ng5 Bxg5 20. Qxg5 Qxg5 21. Bxg5 Nf5 22. Bf6 Rfe8 23. Kd2 Re6 24. Bg5 Rae8 25. Rxe6 Rxe6 26. Kd3 f6 27. Bc1 Kf7 28. b3 d5 29. Ba3 Re4 30. Bc5 Rh4 31. Rh1 Rh3+ 32. Kd2 Ke6 33. Bb4 Kd7 34. Ke2 Nd6 35. f3 Nf5 36. Kf2 Nh4 37. f4 Rf3+ 38. Ke2 Rxf4 39. Bc5 Nf5 40. Rd1 Rh4 41. Bg1 Ke6 42. Kf3 Re4 43. Bf2 g5 44. Rd2 g4+ 45. Kg2 h5 46. Kf1 h4 47. Bc5 g3 48. hxg3 hxg3 49. Kg2 Ke5 50. Kf3 Rf4+ 51. Kg2 Re4 52. Kf3 c6 53. Bb6 Ke6 54. Bc5 Rh4 55. Re2+ Kf7 56. Bg1 Rh1 57. Kg2 Rh8 58. Kf3 Kg6 59. Bc5 Rh2 60. Rxh2 gxh2 61. Kg2 Kg5 62. Kxh2 Kg4 63. Kg2 Nh4+ 64. Kf2 f5 65. Be7 Ng6 66. Bc5 f4 67. a4 Ne5 68. a5 Nf7 69. Bd4 Ng5 70. Ke2 Ne4 71. Be5 f3+ 72. Ke3 Kf5 73. Bd4 Kg4 74. Be5 f2 75. Ke2 Kh3 76. Kf1 Kg4 77. Kg2 Kf5 78. Bd4 Kf4 79. Bxf2 Nxc3 80. Bb6 Nb1 81. Kf2 Ke4 82. Ke2 d4 83. Bc5 Kd5 84. Bb6 c5 85. Kd3 Nc3 86. b4 c4+ 87. Kd2 Ne4+ 88. Ke2 Nd6 89. Kd2 Nf5 90. Ke2 Ke4 91. Kd2 Kd5 92. Ke2 Ne7 93. Kf3 Nc6 94. Bc5 Nxa5 95. Ke2 Nc6 96. Kd2 a5 0-1


[Site "https://www.chess.com"]

[Event "Titled Tuesday Blitz August 16 Early 2022"]
[White "Avalos Parra, Joao"]
[Black "Dushyant Sharma"]
[WhiteFideId "3402541"]
[BlackFideId "25065130"]
[WhiteElo "2173"]
[BlackElo "2133"]
[Result "0-1"]
[Round "02"]
[TimeControl "180+2"]
[Date "2022.08.18"]
[WhiteClock "0:00:00"]
[BlackClock "0:00:00"]

1. d4 d5 2. c4 e6 3. Nc3 f5 4. g3 Nf6 5. Bg2 c6 6. Nh3 Be7 7. O-O O-O 8. b3 Nbd7 9. Nf4 Nb8 10. f3 b6 11. Bb2 c5 12. dxc5 Bxc5+ 13. Kh1 d4 14. Na4 e5 15. Nd3 Qe7 16. Naxc5 bxc5 17. Nxe5 Qxe5 18. f4 Qc7 19. Bxa8 Nc6 20. e3 Bd7 21. exd4 Rxa8 22. d5 Nb4 23. a3 Na6 24. Re1 Ne4 25. Kg2 Rb8 26. Re3 Qa5 27. Be5 Rb7 28. Ra2 Nc7 29. g4 Ne8 30. gxf5 Bxf5 31. Qh5 g6 32. Qe2 N8f6 33. b4 cxb4 34. axb4 Qxb4 35. Rb2 Qe7 36. Bxf6 Rxb2 37. Bxb2 Qh4 38. d6 Bg4 39. Qe1 Bh3+ 40. Rxh3 Qxe1 41. Rf3 Qe2+ 42. Kh3 Qxf3+ 43. Kh4 Qxf4+ 44. Kh3 Qf3+ 45. Kh4 g5# 0-1


[Site "https://www.chess.com"]

[Event "Titled Tuesday Blitz August 16 Early 2022"]
[White "Babazada, Khazar"]
[Black "Secer, Ata"]
[WhiteFideId "13413554"]
[BlackFideId "6303293"]
[WhiteElo "2409"]
[BlackElo "2282"]
[Result "1-0"]
[Round "02"]
[TimeControl "180+1"]
[Date "2022.08.16"]
[WhiteClock "0:02:34"]
[BlackClock "0:01:39"]

1. e4 c5 2. Nf3 e6 3. d4 cxd4 4. Nxd4 Nc6 5. Nc3 Qc7 6. Nxc6 dxc6 7. f4 Nf6 8. Bd3 e5 9. O-O Bd6 10. f5 b6 11. a4 a5 12. Kh1 Bc5 13. Qe2 Bb7 14. Nb1 Qc8 15. Na3 Ba6 16. Bxa6 Qxa6 17. Nc4 O-O-O 18. Nd6+ 1-0


[Site "https://www.chess.com"]

[Event "Titled Tuesday Blitz August 16 Early 2022"]
[White "Bachmann, Axel"]
[Black "Martinez Reyes, Pedro Ramon"]
[WhiteFideId "3700488"]
[BlackFideId "3901807"]
[WhiteElo "2595"]
[BlackElo "2327"]
[Result "1-0"]
[Round "02"]
[TimeControl "180+2"]
[Date "2022.08.18"]
[WhiteClock "0:00:00"]
[BlackClock "0:00:00"]

1. d4 d5 2. c4 dxc4 3. e3 Nf6 4. Bxc4 e6 5. Nf3 c5 6. O-O Nc6 7. dxc5 Qxd1 8. Rxd1 Bxc5 9. a3 O-O 10. b4 Be7 11. Bb2 b6 12. Nc3 Bb7 13. Nb5 Rfd8 14. Rac1 Rac8 15. Rxd8+ Rxd8 16. Kf1 Ne4 17. Be2 Nd6 18. h3 Kf8 19. Ne5 Nxe5 20. Bxe5 Nxb5 21. Bxb5 a6 22. Rc7 Bxg2+ 23. Kxg2 axb5 24. Rb7 f6 25. Bd4 Ra8 26. Rxb6 Rxa3 27. Rxb5 Rb3 28. Rb8+ Kf7 29. Rb7 Ke8 30. b5 e5 31. Ba7 f5 32. b6 e4 33. Rc7 Bf6 34. b7 Be5 35. b8=Q+ Rxb8 36. Rc5 1-0


[Site "https://www.chess.com"]

[Event "Titled Tuesday Blitz August 16 Early 2022"]
[White "Bashirli, Nail"]
[Black "Koridze, Lile"]
[WhiteFideId "13406809"]
[BlackFideId "13612514"]
[WhiteElo "2333"]
[BlackElo "2050"]
[Result "0-1"]
[Round "02"]
[TimeControl "180+2"]
[Date "2022.08.18"]
[WhiteClock "0:00:00"]
[BlackClock "0:00:00"]

1. e4 c5 2. Nc3 d6 3. Nf3 Nf6 4. e5 dxe5 5. Nxe5 e6 6. Bb5+ Nbd7 7. d4 a6 8. Bxd7+ Bxd7 9. O-O Qc7 10. Re1 Rd8 11. Bg5 Be7 12. d5 O-O 13. Qf3 Bc8 14. Rad1 h6 15. Bf4 Bd6 16. dxe6 Bxe6 17. g3 Qb6 18. Ng6 Bg4 19. Rxd6 Rxd6 20. Ne7+ Kh8 21. Qe3 Re6 22. Qd2 Rxe1+ 23. Qxe1 Qe6 24. Qxe6 Bxe6 25. Bd6 Rd8 26. Bxc5 Rd2 27. Kf1 Rxc2 28. Ba3 Rd2 29. Ke1 Rd7 30. f4 Bg4 31. Kf2 b5 32. Ke3 Rb7 33. Bc5 b4 34. Ne4 Nxe4 35. Kxe4 Rc7 36. Kd4 a5 37. Nd5 Rd7 38. Ke5 Be6 39. Nb6 Rc7 40. Kd6 Rb7 41. a3 bxa3 42. bxa3 Rb8 43. Kc7 Re8 44. Bd6 a4 45. g4 Bxg4 46. Nd5 Re2 47. h4 Rb2 48. Nb6 Rc2+ 49. Kd8 Be6 50. Ke7 Rc6 51. Nxa4 Rc4 52. Nc5 Rc3 53. Nxe6 fxe6 54. Kxe6 Rd3 55. Be5 Kg8 56. a4 Ra3 57. Kf5 Rxa4 58. h5 Kf7 59. Kg4 Ra2 60. Bd6 Ke6 61. Bf8 Ra7 62. Bc5 Rf7 63. Bd4 Kd5 64. Bb2 Ke4 65. Be5 Re7 66. Bd6 Rb7 67. Be5 Rb1 68. Kh3 Rg1 69. Kh2 Rg4 70. Kh3 Rxf4 71. Bxg7 Rf5 72. Kh4 Rf4+ 73. Kh3 Kf5 74. Bxh6 Rf1 75. Be3 Rh1+ 76. Kg2 Rxh5 77. Bf2 Kg4 78. Bg3 Rd5 79. Bf2 Rd2 80. Kf1 Kf3 81. Be1 Rd1 0-1


[Site "https://www.chess.com"]

[Event "Titled Tuesday Blitz August 16 Early 2022"]
[White "Bashirli, Saadat"]
[Black "Baches Garcia, Guillermo"]
[WhiteFideId "13429990"]
[BlackFideId "2209764"]
[WhiteElo "1173"]
[BlackElo "2326"]
[Result "0-1"]
[Round "02"]
[TimeControl "180+2"]
[Date "2022.08.18"]
[WhiteClock "0:00:00"]
[BlackClock "0:00:00"]

1. Nf3 Nf6 2. g3 g6 3. Bg2 Bg7 4. O-O O-O 5. e3 d6 6. d4 Nbd7 7. Re1 Re8 8. c4 c6 9. Nc3 a6 10. e4 e5 11. dxe5 dxe5 12. Bg5 h6 13. Bxf6 Qxf6 14. Qc2 Nc5 15. Rad1 Bg4 16. Re3 Ne6 17. h3 Nd4 18. Qd3 Nxf3+ 19. Bxf3 Bxh3 20. Qc2 Bf8 21. Na4 Rad8 22. Red3 Rd4 23. Rxd4 Qxf3 24. R1d3 Qg2# 0-1


[Site "https://www.chess.com"]

[Event "Titled Tuesday Blitz August 16 Early 2022"]
[White "Beerdsen, Thomas"]
[Black "Rostomyan, Mikayel"]
[WhiteFideId "1030108"]
[BlackFideId "13313754"]
[WhiteElo "2513"]
[BlackElo "2118"]
[Result "1-0"]
[Round "02"]
[TimeControl "180+2"]
[Date "2022.08.18"]
[WhiteClock "0:00:00"]
[BlackClock "0:00:00"]

1. e4 c5 2. Nf3 Nc6 3. Bc4 e6 4. O-O Nge7 5. Re1 g6 6. c3 Bg7 7. d4 cxd4 8. cxd4 O-O 9. d5 Na5 10. Bf1 d6 11. Nc3 exd5 12. exd5 b6 13. Bg5 f6 14. Bf4 Nb7 15. Rc1 a6 16. b4 b5 17. Nd4 Bd7 18. Qb3 Re8 19. Nc6 Qc7 20. Nxe7+ Kf7 21. Nc6 1-0


[Site "https://www.chess.com"]

[Event "Titled Tuesday Blitz August 16 Early 2022"]
[White "Begunov, Konstantin"]
[Black "Perez Ponsa, Federico"]
[WhiteFideId "4118510"]
[BlackFideId "117927"]
[WhiteElo "2262"]
[BlackElo "2604"]
[Result "0-1"]
[Round "02"]
[TimeControl "180+2"]
[Date "2022.08.18"]
[WhiteClock "0:00:00"]
[BlackClock "0:00:00"]

1. d4 Nf6 2. c4 g6 3. f3 Bg7 4. e4 O-O 5. Nc3 d6 6. Be3 c5 7. dxc5 dxc5 8. Qxd8 Rxd8 9. Bxc5 Nc6 10. Nd5 Nd7 11. Nxe7+ Nxe7 12. Bxe7 Bxb2 13. Bxd8 Bxa1 14. Ne2 Ne5 15. Nf4 Bd7 16. Bc7 Rc8 17. Nd5 Kg7 18. Kd2 Be6 19. Be2 Bd4 20. Bxe5+ Bxe5 21. g3 Rc5 22. f4 Bd6 23. a4 Ra5 24. Ra1 Bd7 25. Bd1 h5 26. Kc3 Bc5 27. Kb3 Bg1 28. Kb4 b6 29. Bg4 Bc5+ 30. Kb3 hxg4 31. e5 a6 32. Ra2 Be6 33. Nb4 b5 0-1


[Site "https://www.chess.com"]

[Event "Titled Tuesday Blitz August 16 Early 2022"]
[White "Bharath Subramaniyam H"]
[Black "Balabayeva, Xeniya"]
[WhiteFideId "46634827"]
[BlackFideId "13719688"]
[WhiteElo "2346"]
[BlackElo "1895"]
[Result "0-1"]
[Round "02"]
[TimeControl "180+2"]
[Date "2022.08.18"]
[WhiteClock "0:00:00"]
[BlackClock "0:00:00"]

1. e4 c6 2. d4 d5 3. Nc3 dxe4 4. Nxe4 Nf6 5. Nxf6+ exf6 6. c3 Bd6 7. Bd3 O-O 8. Qc2 Re8+ 9. Ne2 h5 10. O-O h4 11. Bf4 Bg4 12. f3 Be6 13. Rae1 Qc7 14. Qd2 Nd7 15. c4 Rad8 16. b3 Nf8 17. Bxd6 Qxd6 18. f4 Bg4 19. Rd1 Ne6 20. d5 cxd5 21. cxd5 Qxd5 22. Nc3 Qd4+ 23. Kh1 Bxd1 24. Rxd1 Nxf4 0-1


[Site "https://www.chess.com"]

[Event "Titled Tuesday Blitz August 16 Early 2022"]
[White "Bilych, Olexiy"]
[Black "Pastar, Slaven"]
[WhiteFideId "14156504"]
[BlackFideId "14402718"]
[WhiteElo "2157"]
[BlackElo "2248"]
[Result "1/2-1/2"]
[Round "02"]
[TimeControl "180+2"]
[Date "2022.08.18"]
[WhiteClock "0:00:00"]
[BlackClock "0:00:00"]

1. e4 b6 2. d4 Bb7 3. Nc3 e6 4. Bd3 Bb4 5. Ne2 d5 6. O-O dxe4 7. Nxe4 Be7 8. N2g3 Nf6 9. Qf3 Nxe4 10. Nxe4 Nd7 11. Nd6+ Bxd6 12. Qxb7 O-O 13. Qe4 Nf6 14. Qf3 Be7 15. c3 Qd5 16. Qg3 Bd6 17. Qh4 Qh5 18. Bg5 Qxh4 19. Bxh4 h6 20. f4 c5 21. dxc5 Bxc5+ 22. Kh1 Rad8 23. Rad1 Rd5 24. Bxf6 gxf6 25. Be4 Rd6 26. b4 Rxd1 27. Rxd1 Be3 28. g3 Rc8 29. Rd3 Bc1 30. Bb7 Rc7 31. Ba6 f5 32. Kg2 Bb2 33. c4 Kg7 34. Kf3 Kf6 35. h3 Ke7 36. Bb5 a5 37. a3 Rc8 38. g4 fxg4+ 39. hxg4 Rd8 40. Rxd8 Kxd8 41. bxa5 bxa5 42. a4 Ba3 43. g5 hxg5 44. fxg5 Ke7 45. Kg4 Bc5 46. Bc6 Bb4 47. Be4 Bc5 48. Bh7 Bb4 49. Kf4 Ba3 50. Be4 Bc1+ 51. Kg4 Ba3 52. Kh5 Bc1 53. Bf3 Ba3 54. Kh6 Bc5 55. Kh7 Bb4 56. Bh5 Bd2 57. g6 fxg6 58. Kxg6 Kd6 59. Bg4 e5 60. Kf5 Bc3 61. Ke4 Kc5 62. Be6 Kb4 63. Kd5 Kxa4 64. c5 Bd4 65. c6 Bb6 66. Kxe5 Kb4 67. Kd6 a4 68. Kd7 a3 69. Kc8 Kc3 70. Kb7 Ba5 71. Ka6 Bd8 72. Kb7 Kb2 73. Kc8 Ba5 74. c7 Bxc7 75. Kxc7 a2 76. Bxa2 1/2-1/2


[Site "https://www.chess.com"]

[Event "Titled Tuesday Blitz August 16 Early 2022"]
[White "Blanco Ronquillo, Humberto L."]
[Black "Martinez Alcantara, Jose Eduardo"]
[WhiteFideId "3504239"]
[BlackFideId "3805662"]
[WhiteElo "2425"]
[BlackElo "2703"]
[Result "0-1"]
[Round "02"]
[TimeControl "180+1"]
[Date "2022.08.16"]
[WhiteClock "0:00:01"]
[BlackClock "0:01:44"]

1. d4 Nf6 2. c4 e6 3. Nf3 Bb4+ 4. Bd2 Qe7 5. a3 Bxd2+ 6. Qxd2 O-O 7. Nc3 d6 8. e3 e5 9. Qc2 Bg4 10. dxe5 dxe5 11. Be2 h6 12. O-O c6 13. b4 a5 14. c5 Nbd7 15. Nd2 axb4 16. axb4 Bxe2 17. Nxe2 Nd5 18. Qb2 b6 19. cxb6 N7xb6 20. b5 cxb5 21. Qxb5 Rab8 22. Nc4 Qe6 23. Ra6 Nc7 24. Rxb6 Nxb5 25. Rxe6 fxe6 26. Nxe5 Rbc8 27. Nf4 Rfe8 28. g4 Nc3 29. Kg2 Rc5 30. Nfg6 Nd5 31. h4 Rc2 32. Kg3 Nf6 33. f3 Rc3 34. Re1 Nd5 35. e4 Nf6 36. Nf4 Rc5 37. Ned3 Rb5 38. h5 Rd8 39. Rc1 e5 40. Nd5 Nxd5 41. exd5 Rbxd5 42. Nf2 Rb5 43. Ne4 Rb3 44. Rc7 Rf8 45. Nd2 Rd3 0-1


[Site "https://www.chess.com"]

[Event "Titled Tuesday Blitz August 16 Early 2022"]
[White "Bok, Benjamin"]
[Black "Sourath Biswas"]
[WhiteFideId "1017063"]
[BlackFideId "35091484"]
[WhiteElo "2658"]
[BlackElo "1777"]
[Result "1-0"]
[Round "02"]
[TimeControl "180+1"]
[Date "2022.08.16"]
[WhiteClock "0:01:00"]
[BlackClock "0:00:21"]

1. d4 Nf6 2. c4 g6 3. g3 Bg7 4. Bg2 O-O 5. Nc3 d6 6. Nf3 Nc6 7. O-O e5 8. dxe5 dxe5 9. Qxd8 Rxd8 10. Bg5 Be6 11. Rfd1 Bxc4 12. Nd2 Be6 13. Nde4 Rxd1+ 14. Rxd1 Nxe4 15. Nxe4 f5 16. Nc5 Bc4 17. Rd7 Rc8 18. b3 Bxe2 19. Bd5+ Kh8 20. Ne6 Rg8 21. Nxg7 Nb8 22. Rxc7 Na6 23. Rxb7 Nc5 24. Rxa7 Ne4 25. Bxe4 fxe4 26. Bf6 Rc8 27. Ne6+ Kg8 28. Rg7+ Kh8 29. Rxg6# 1-0


[Site "https://www.chess.com"]

[Event "Titled Tuesday Blitz August 16 Early 2022"]
[White "Bolanos, Fernando"]
[Black "Xu, Yi"]
[WhiteFideId "3304094"]
[BlackFideId "8605564"]
[WhiteElo "2086"]
[BlackElo "2471"]
[Result "0-1"]
[Round "02"]
[TimeControl "180+2"]
[Date "2022.08.18"]
[WhiteClock "0:00:00"]
[BlackClock "0:00:00"]

1. e4 c6 2. d3 d5 3. Nf3 Bg4 4. Nbd2 Nd7 5. h3 Bxf3 6. Qxf3 e6 7. g4 Bc5 8. Qg2 Ne7 9. Be2 Ng6 10. Nb3 Bd6 11. O-O Qc7 12. d4 Nh4 13. Qh1 Bf4 14. e5 g5 15. Bxf4 gxf4 16. f3 O-O-O 17. Qh2 Ng6 18. c4 h5 19. Rac1 dxc4 20. Nd2 Ndxe5 21. Ne4 Rxd4 22. Qf2 Rhd8 23. gxh5 Ne7 24. Rfd1 Nf5 25. Rxd4 Nxd4 26. Kh1 Nd3 27. Bxd3 cxd3 28. h6 Ne2 29. Rd1 Qe5 30. Qh4 Ng3+ 31. Nxg3 fxg3 32. h7 Qe2 33. Qxd8+ Kxd8 34. h8=Q+ Kc7 35. Qe5+ Qxe5 0-1


[Site "https://www.chess.com"]

[Event "Titled Tuesday Blitz August 16 Early 2022"]
[White "Brozyna, Mateusz"]
[Black "Zanette, Edgard Vinicius"]
[WhiteFideId "21816140"]
[BlackFideId "2109263"]
[WhiteElo "2030"]
[BlackElo "2182"]
[Result "1-0"]
[Round "02"]
[TimeControl "180+2"]
[Date "2022.08.18"]
[WhiteClock "0:00:00"]
[BlackClock "0:00:00"]

1. e4 c5 2. Nf3 d6 3. d4 cxd4 4. Nxd4 Nf6 5. Nc3 a6 6. h3 e6 7. g4 Be7 8. Bg2 Nfd7 9. Be3 Nc6 10. Qe2 O-O 11. O-O-O Nxd4 12. Bxd4 b5 13. f4 Qa5 14. e5 d5 15. f5 b4 16. Nb1 Bc5 17. f6 Bb7 18. fxg7 Rfc8 19. Rhf1 Nb6 20. Qf2 Rc7 21. Bxc5 Qxc5 22. Qxc5 Rxc5 23. Rf2 Kxg7 24. Nd2 Rac8 25. Nb3 R5c7 26. Rdf1 Nc4 27. Re1 a5 28. Nd4 Ba6 29. b3 Na3 30. Kb2 h6 31. Bf1 Bxf1 32. Rexf1 Ra8 33. h4 a4 34. g5 hxg5 35. hxg5 axb3 36. axb3 Rh8 37. g6 1-0


[Site "https://www.chess.com"]